 Dungeon Crawl Stone Soup version 0.17-a0-1840-g87820a2 (webtiles) character file.

450 shakdrar the Firebug (level 6, -5/32 HPs)
             Began as a Deep Elf Fire Elementalist on Sept 16, 2015.
             Was a Follower of Vehumet.
             Engulfed by a cloud of flame (12 damage)
             ... on level 5 of the Dungeon.
             The game lasted 00:27:59 (5651 turns).

shakdrar the Firebug (Deep Elf Fire Elementalist)   Turns: 5651, Time: 00:28:00

Health: -5/32      AC:  6    Str:  7    XL:     6   Next: 74%
Magic:  8/16       EV: 13    Int: 20    God:    Vehumet [*.....]
Gold:   167        SH:  0    Dex: 15    Spells: 5 memorised, 3 levels left

rFire  . . .     SeeInvis .     i - +4 dagger (elec)
rCold  . . .     Clarity  .     q - +1 robe {rN+}
rNeg   + . .     SustAt   .     (no shield)
rPois  .         Gourm    .     (no helmet)
rElec  .         Spirit   .     (no cloak)
rCorr  .         Warding  .     (no gloves)
rMut   .         Stasis   .     n - +1 pair of boots
MR     .....                    (no amulet)
Stlth  ++........               (no ring)
                                j - +1 ring of protection

@: very slightly contaminated, not resistant to hostile enchantments, unstealthy
A: no striking features
a: Renounce Religion


You were on level 5 of the Dungeon.
You worshipped Vehumet.
Vehumet was aware of your devotion.
You were not hungry.

You visited 1 branch of the dungeon, and saw 5 of its levels.

You collected 167 gold pieces.

Inventory:

Hand weapons
 i - a +4 dagger of electrocution (weapon)
Missiles
 g - 14 poisoned needles
 k - 8 curare-tipped needles
Armour
 n - a +1 pair of boots (worn)
 q - a +1 robe of positive energy (worn)
Jewellery
 j - a +1 ring of protection (left hand)
 m - a cursed -3 ring of evasion {unknown}
Magical devices
 h - a wand of flame (37)
Scrolls
 e - 3 scrolls of identify
 l - a scroll of blinking
 o - a scroll of teleportation
 r - a scroll of enchant weapon
Potions
 a - a potion of flight
 p - a potion of poison {unknown}
Books
 b - a book of Flames

   Spells                             Type                      Level
   a - Flame Tongue                   Conjuration/Fire             1
   b - Throw Flame                    Conjuration/Fire             2
   c - Conjure Flame                  Conjuration/Fire             3
   d - Inner Flame                    Hexes/Fire                   3
   e - Sticky Flame                   Conjuration/Fire             4
   f - Fireball                       Conjuration/Fire             5
Comestibles
 c - 2 bread rations
 d - a slice of pizza
 f - 3 fruits


   Skills:
 - Level 2.4 Dodging
 - Level 2.4 Stealth
 + Level 5.5 Spellcasting
 + Level 3.8 Conjurations
 * Level 6.3 Fire Magic


You had 3 spell levels left.
You knew the following spells:

 Your Spells              Type           Power        Failure   Level  Hunger
a - Flame Tongue          Conj/Fire      ####.        1%          1    None
b - Throw Flame           Conj/Fire      ####..       1%          2    None
c - Conjure Flame         Conj/Fire      ####....     4%          3    ##.....
d - Inner Flame           Hex/Fire       ###.....     10%         3    ##.....
e - Sticky Flame          Conj/Fire      ####....     14%         4    ####...


Dungeon Overview and Level Annotations

Branches:
Dungeon (5/15)
 Temple: D:4-7

Altars:
Fedhas
Vehumet

Annotations:
D:4 Eustachio


Message History

Aiming: Flame Tongue
Press: ? - help, Shift-Dir - straight line, f/p - jackal
Aim: a jackal (inner flame)
The flame tongue hits the jackal.
The jackal is moderately wounded.
Casting: Flame Tongue
Confirm with . or Enter, or press ? or * to list all spells.
Aiming: Flame Tongue
Press: ? - help, Shift-Dir - straight line, f/p - jackal
Aim: a jackal (moderately wounded, inner flame)
The flame tongue hits the jackal.
The jackal explodes!
The fiery explosion engulfs you!
Ouch! That really hurt!
* * * LOW HITPOINT WARNING * * *
The fiery explosion engulfs the jackal.
You kill the jackal!
Vehumet accepts your kill. x2
You are engulfed in roaring flames.
You die...

. # #. #####+##+#.#
#.. #..........#
.##.####...%......#
..........§§§.%...#
..........@§§.....#
..........#§§#.....
###.#...###.%# ...
.......†# ...+ .
####...<# #..#
+....# #... #...(#
##..# +....# ..#
#....#


There were no monsters in sight!

Vanquished Creatures
  An orc priest (D:4)
  5 orc wizards
  2 worker ants (D:4)
  Jessica (D:3)
  5 adders
  3 gnolls
  An ooze (D:3)
  An adder skeleton (D:4)
  3 worms
  4 giant geckos
  23 orcs
  10 bats
  10 goblins
  12 hobgoblins
  2 jackals (D:5)
  2 quokkas
  3 giant cockroaches (D:1)
  2 giant newts
  7 kobolds
  A quokka skeleton (D:4)
  8 rats
106 creatures vanquished.

Notes
Turn   | Place    | Note
--------------------------------------------------------------
     0 | D:1      | shakdrar the Deep Elf Fire Elementalist began the quest for the Orb.
     0 | D:1      | Reached XP level 1. HP: 10/10 MP: 6/6
   165 | D:1      | Reached XP level 2. HP: 6/15 MP: 2/8
   411 | D:1      | Reached skill level 4 in Fire Magic
   434 | D:1      | Learned a level 2 spell: Throw Flame
   631 | D:1      | Reached XP level 3. HP: 19/19 MP: 2/10
  1395 | D:2      | Learned a level 3 spell: Conjure Flame
  1395 | D:2      | Found a blossoming altar of Fedhas.
  1920 | D:2      | Found a radiant altar of Vehumet.
  1929 | D:2      | Became a worshipper of Vehumet
  1992 | D:2      | Reached XP level 4. HP: 21/24 MP: 0/12
  2085 | D:2      | Learned a level 3 spell: Inner Flame
  3265 | D:3      | Noticed Jessica
  3268 | D:3      | Killed Jessica
  3268 | D:3      | Reached skill level 5 in Fire Magic
  3268 | D:3      | Reached XP level 5. HP: 28/28 MP: 6/13
  3825 | D:3      | Acquired Vehumet's first power
  3825 | D:3      | Offered knowledge of Sandblast by Vehumet.
  4222 | D:4      | Learned a level 4 spell: Sticky Flame
  4259 | D:4      | Reached skill level 5 in Spellcasting
  4434 | D:4      | Reached XP level 6. HP: 32/32 MP: 7/15
  4751 | D:4      | Reached skill level 6 in Fire Magic
  5493 | D:4      | Noticed Eustachio
  5503 | D:4      | Noticed a phantom
  5543 | D:5      | Entered Level 5 of the Dungeon
  5651 | D:5      | Engulfed by a cloud of flame

Vault maps used:
D:1:      dpeg_arrival_oval
D:2:      lemuel_upstairs_altar, old_standard_altar, lemuel_round_altar
D:3:      first_bread, uniq_jessica
D:4:      uniq_eustachio
D:5:      corexii_shantytown, nicolae_qazlal_style_of_elements,
          yredelemnul_altar_generic, hangedman_abyss_or_decor_passed

Action                   |  1- 3 |  4- 6 || total
-------------------------+-------+-------++-------
Melee: Dagger            |       |     5 ||     5
 Cast: Flame Tongue      |    70 |    56 ||   126
       Throw Flame       |     6 |    98 ||   104
       Conjure Flame     |       |     1 ||     1
       Inner Flame       |       |     1 ||     1
Evoke: Wand              |       |    11 ||    11
  Use: Potion            |     3 |     1 ||     4
       Scroll            |     9 |     7 ||    16
  Eat: Chunk             |     2 |     5 ||     7
       Bread ration      |     1 |     1 ||     2
